 Dungeon Crawl Stone Soup version 0.31-a0-360-gb3e1d13bf4 (webtiles) character file.

Game seed: 8745499846070655493

2 Newt the Ruffian (level 1, 0/16 HPs)
             Began as a Draconian Shapeshifter on July 26, 2023.
             Frozen to death by an endoplasm (4 damage)
             ... on level 1 of the Dungeon.
             The game lasted 00:00:06 (46 turns).

Newt the Ruffian (Draconian Shapeshifter)             Turns: 46, Time: 00:00:07

Health: 0/16       AC:  4    Str: 17    XL:     1   Next: 25%
Magic:  1/1        EV: 12    Int:  8    God:
Gold:   0          SH:  0    Dex: 11    Spells: 0/0 levels left

rFire   . .          .
                       - Unarmed
rCold   . . .        (no shield)
rNeg    . . .        (body armour unavailable)
rPois   .            (helmet currently unavailable)
rElec   .            (cloak currently unavailable)
rCorr   .            (gloves currently unavailable)
SInv    .            (boots currently unavailable)
Will    .....        (no amulet)
Stlth   +            (no ring)
HPRegen 0.22/turn    (no ring)
MPRegen 0.07/turn

%: no passive effects
@: beast-form, slowed, very slow
A: beast (slay +2), AC +4, unfitting armour, cold-blooded
a: Begin Untransformation


You were on level 1 of the Dungeon.
You were a hulking beast.
You visited 1 branch of the dungeon, and saw 1 of its levels.

Inventory:

Talismans
 b - a beast talisman
Potions
 a - a potion of lignification


   Skills:
 + Level 1.4 Fighting
 - Level 1.7 Dodging
 - Level 3.0 Unarmed Combat
 - Level 3.0 Shapeshifting


You couldn't memorise any spells.
You didn't know any spells.
Your spell library was empty.

Dungeon Overview and Level Annotations

Branches:
Dungeon (1/15)

Altars:


Innate Abilities, Weirdness & Mutations

You are a hulking beast.
Your limbs bulge with bestial killing power. (Slay +2)
Your plain brown scales are hard. (AC +4)
You cannot fit into any form of body armour.
You are cold-blooded and may be slowed by cold attacks.


Message History

You kill the hobgoblin!
The bat hits you. The bat barely misses you. The bat closely misses you.
An endoplasm comes into view.
The bat barely misses you.
You hit the bat but do no damage. The bat hits you but does no damage.
There are monsters nearby!
The bat hits you but does no damage.
You barely miss the bat. The bat completely misses you.
You hit the bat.
Your tail-slap misses the bat.
The bat is moderately wounded.
The bat closely misses you. The bat completely misses you.
The endoplasm freezes you.
You are frozen.
You feel yourself slow down. The bat barely misses you.
You miss the bat.
The bat is moderately wounded.
The bat barely misses you. The bat hits you but does no damage.
The bat closely misses you.
The endoplasm hits you but does no damage.
You hit the bat.
The bat is heavily wounded.
The bat closely misses you. The endoplasm hits you.
The bat hits you but does no damage. The endoplasm freezes you.
You are frozen.
* * * LOW HITPOINT WARNING * * *
The bat hits you but does no damage.
You closely miss the bat.
The bat is heavily wounded.
The bat closely misses you. The bat hits you.
* * * LOW HITPOINT WARNING * * *
The endoplasm closely misses you.
Unknown command.
You hit the endoplasm.
The endoplasm is moderately wounded.
The bat hits you but does no damage. The endoplasm closely misses you.
The endoplasm freezes you.
You are frozen.
You die...

## ### #. ..# #####.####
#.# ##........ #.#
.#.####.#########.# #
....>.............##.#
...#.##.###...b......###
.#....#.#......†h....(.#
.##...#.#.#.####J.#..#.#
.#....#.#.#.# #.....#
####....# #.# ##.##?#
#....# #.# #.# ...
#.#..# #.# #.# #.#
#.#..# #. #.# ## #.#....
.. ..#.####


You could see an endoplasm and a bat.

Vanquished Creatures
  A hobgoblin (D:1)
  A ball python (D:1)
2 creatures vanquished.

Notes
Turn   | Place    | Note
-------+----------+-------------------------------------------
     0 | D:1      | Newt the Draconian Shapeshifter began the quest for the
                  | Orb.
     0 | D:1      | Reached XP level 1. HP: 16/16 MP: 1/1
    46 | D:1      | Frozen to death by an endoplasm

Illustrated notes

Levels and vault maps discovered:
D:1:      dpeg_arrival_tiny_c, layout_basic, basic_ecumenical_altar,
          minmay_tetromino_o4

Action                     || total
---------------------------++-------
  Melee: Unarmed           ||    11
         Tailslap          ||     1
 Armour: Skin              ||     8
  Dodge: Dodged            ||    16

Table legend: (Time is in decaauts)
 A = Elapsed time spent in this place.
 B = Non-inter-level travel time spent in this place.
 C = Inter-level travel time spent in this place.
 D = Time resting spent in this place.
 E = Time spent auto-exploring this place.
 F = Levels seen in this place.
 G = Mean time per level.
                   A        B        C        D        E       F      G
               +--------+--------+--------+--------+--------+-----+--------+
         Total |     46 |     46 |      0 |      0 |     22 |   1 |   46.0 |
       Dungeon |     46 |     46 |      0 |      0 |     22 |   1 |   46.0 |
               +--------+--------+--------+--------+--------+-----+--------+

Top non-repeatable levels by time:
     D:1: 46 daAuts
